wizbiz, neutral female human Wizard I#+ --------------- I |..............##### ------------- ### |.............| |..........*| # |.............| ##...[........| ### |.............| # # |..)--.--...| # |....<.........############## |...|.{.|...|### --------------- #[# |..*|{.{|*...# # |...|.{.|...|## |...-----...| ......*.....| .*.........*| ------------- wizbiz the Thaumaturge Experience level: 6 Strength: 15 Dexterity: 10 Constitution: 14 Intelligence: 18 Wisdom: 14 Charisma: 10 Health: 0(39) Energy: 39(54) Def: 6 Gold: 650 Moves: 4907 Dungeon seed: S74smHdHdkOelQNC Game ID: wizbiz_1531644318 Your Inventory: Coins $ - 650 gold pieces Weapons w - a blessed +1 quarterstaff (weapon in hands) K - a blessed +0 orcish dagger T - a +0 dagger V - 11 +0 darts Armor e - an uncursed +0 cloak of magic resistance (being worn) X - an uncursed +0 orcish helm (being worn) Y - an uncursed +0 pair of gauntlets of dexterity (being worn) Comestibles z - an uncursed fortune cookie A - 3 uncursed food rations J - an uncursed egg M - an uncursed tripe ration Q - an uncursed sprig of wolfsbane Z - an uncursed partly eaten food ration Scrolls a - an uncursed scroll of stinking cloud j - an uncursed scroll of magic mapping k - an uncursed scroll of teleportation t - an uncursed scroll of taming U - an uncursed scroll of gold detection Spellbooks p - an uncursed spellbook of teleport away Potions f - an uncursed potion of restore ability g - an uncursed potion of sleeping h - an uncursed potion of gain ability o - an uncursed potion of object detection x - an uncursed potion of blindness O - 2 uncursed potions of water P - an uncursed potion of water Rings c - an uncursed ring of protection from shape changers d - an uncursed ring of polymorph control E - an uncursed ring of slow digestion R - an uncursed ring of shock resistance Wands b - a wand of cancellation (0:7) n - a wand of teleportation (0:6) q - a cursed wand of fire (0:5) v - a wand of slow monster (0:7) I - a wand of nothing (0:7) L - a wand of slow monster (0:4) Tools l - a +0 pick-axe W - an uncursed tallow candle (0:200) Gems r - an uncursed worthless piece of green glass N - 2 uncursed worthless pieces of red glass Spells and supernatural/magical abilities: Name Level Category Fail Memory a - force bolt 1 attack 0% 76% m - magic missile 2 attack 0% 76% p - protection 1 clerical 0% 85% t - teleport away 6 escape 100% 100% w - wizard lock 2 matter 59% 83% W - pray for help -- divine ? -- Your skills at the end: Fighting Skills Weapon Skills quarterstaff [Basic] Spellcasting Skills attack spells [Basic] enchantment spells [Basic] Final Attributes: You were piously aligned. You were magic-protected. You were blinded. You were protected. You are dead (2nd time!). Vanquished creatures: a large mimic a small mimic a leprechaun 2 dwarf lords a raven a water nymph a rock mole a yellow light a shrieker a gnome lord an elf zombie 3 floating eyes a kobold lord 8 rothes a giant bat an orc zombie 3 iguanas 4 killer bees a coyote 2 gas spores 2 hobbits 3 manes a hobgoblin 5 giant rats a brown mold a yellow mold 2 gnome zombies 2 geckos 4 jackals 2 foxes 3 goblins 2 sewer rats 6 grid bugs 5 lichens 3 kobold zombies 7 newts 85 creatures vanquished. Voluntary challenges: You were an atheist. You used a wielded weapon 63 times, starting on turn 61. You read items or engraved 44 times, starting on turn 1312. You never genocided any monsters. You never polymorphed an object. You never changed form. You used no wishes. You never split a pudding. You never wrote Elbereth's name. You never violated your personal moral code. Dungeon overview: The Dungeons of Doom: levels 1 to 8 Level 1 a sink a long staircase Level 2 a fountain stairs to The Gnomish Mines Level 3 some fountains Level 4 a general store Level 5 Level 6 a potion shop Level 7 a fountain Level 8 <- You were here many fountains The Gnomish Mines: levels 3 to 4 Level 3 stairs to The Dungeons of Doom Level 4 History has recorded: On T:1 you entered the Dungeons of Doom to retrieve the Amulet of Yendor! On T:24 you reached level 2 of The Dungeons of Doom. On T:400 you reached level 1 of The Gnomish Mines. On T:404 you reached level 2 of The Gnomish Mines. On T:744 you advanced to experience level 2. On T:809 you reached level 3 of The Dungeons of Doom. On T:1162 you advanced to experience level 3. On T:1291 you reached level 4 of The Dungeons of Doom. On T:1349 you reached level 5 of The Dungeons of Doom. On T:1544 you advanced to experience level 4. On T:2089 you reached level 7 of The Dungeons of Doom. On T:2326 you advanced to experience level 5. On T:2335 you reached level 6 of The Dungeons of Doom. On T:3321 you advanced to experience level 6. On T:4507 you reached level 8 of The Dungeons of Doom. On T:4702 you were saved from death by your amulet of life saving! Score breakdown: Gold: 650 ( 9570 points) Experience: 6 levels (12456 points) Exploration: 8 levels ( 17.39%) (11832 points) Discoveries: 5 items ( 1.74%) ( 3959 points) Valuables value: (no points given unless you survive) Artifact value: 0 ( 0 points) Variety of kills: 36 monsters ( 9.45%) ( 9221 points) Turncount: 4907 turns (-1326 points) Survival: died (score multiplied by 80%) Total score: 36569 Latest messages: You kill it! It stings! There's still a monster there. It stings! The spell hits it. You kill it! There's still a monster there. You sense a monster nearby! You hear some noises. There's still a monster there. You sense a monster nearby! There's still a monster there. It stings! It misses. There's still a monster there. It stings! There's still a monster there. It misses. It stings! There's still a monster there. It stings! You die... Final status: Goodbye wizbiz the Wizard, killed by a killer bee... You died in The Dungeons of Doom on dungeon level 8 with 36569 points, and 650 pieces of gold, after 4907 moves. You were level 6 with a maximum of 39 hit points when you died.